[Event "*** Titled Tuesday Blitz"]
[Site "Chess.com"]
[Date "2020.04.14"]
[Round "2"]
[White "lrestevez"]
[Black "GusKan67"]
[Result "0-1"]
[WhiteElo "2142"]
[BlackElo "2418"]
[TimeControl "180+1"]
[EndTime "10:17:07 PDT"]
[Termination "GusKan67 won by resignation"]

1. e4 c5 2. Nf3 d6 3. d4 cxd4 4. c3 Nf6 5. Bd3 dxc3 6. Nxc3 Nc6 7. Qe2 e5 8. h3 h6 9. O-O Be7 10. a3 O-O 11. Be3 Be6 12. Rfd1 a6 13. Rac1 Rc8 14.
Nd2 b5 15. b4 d5 16. exd5 Nxd5 17. Nxd5 Qxd5 18. Ne4 Nd4 19. Bxd4 Rxc1 20. Rxc1 Qxd4 21. Nc5 Bxc5 22. Rxc5 Rd8 23. Be4 Bc4 24. Qf3 g6 25. Rc7 Qd1+ 26. Qxd1 Rxd1+ 27. Kh2 Ra1 28. Re7 Rxa3 29.
Rxe5 Rb3 30. Re8+ Kg7 31. Ra8 Rxb4 32. Rxa6 Rb2 33. Rd6 Rxf2 34. Bd5 Rd2 35. Bxc4 Rxd6 36. Bxb5 f5 37. Be2 g5 38. Bf3 Kg6 39. Ba8 h5 40. Bb7 Rb6 41. Bd5 Rb2 42. Kg1 Rd2 43. Bb7 g4 44.
hxg4 hxg4 45. Kf1 f4 46. Ba8 Kg5 0-1

[Event "*** Titled Tuesday Blitz"]
[Site "Chess.com"]
[Date "2020.04.14"]
[Round "2"]
[White "nihalsarin"]
[Black "Haykoooo0o"]
[Result "1-0"]
[WhiteElo "3062"]
[BlackElo "2618"]
[TimeControl "180+1"]
[EndTime "10:17:08 PDT"]
[Termination "nihalsarin won by resignation"]

1. e4 e5 2. Nf3 Nc6 3. Bb5 Nf6 4. d3 Bc5 5. O-O Nd4 6. Be3 Nxf3+ 7. Qxf3 Bb6 8. Nc3 c6 9. Bc4 d6 10. h3 Be6 11. Bb3 h6 12. Rad1 O-O 13. d4 exd4 14. Bxd4 Bxd4 15. Rxd4 Qe7 16. Rfd1 Rad8 17. Qf4 Ne8 18.
R4d2 Bxb3 19. axb3 f6 20. Qe3 a6 21. Ne2 Nc7 22.
Ng3 Rfe8 23. Qb6 Na8 24. Qb4 c5 25. Qc4+ Kh8 26. Nf5 Qxe4 27. Qxe4 Rxe4 28. Nxd6 Rxd6 29. Rxd6 Nc7 30. Rd7 Ne6 31. Re7 Ng5 32. Rdd7 1-0

[Event "*** Titled Tuesday Blitz"]
[Site "Chess.com"]
[Date "2020.04.14"]
[Round "2"]
[White "ElHelvetico"]
[Black "gena217"]
[Result "0-1"]
[WhiteElo "2602"]
[BlackElo "2913"]
[TimeControl "180+1"]
[EndTime "10:17:08 PDT"]
[Termination "gena217 won on time"]

1. e4 c6 2. Nc3 d5 3. Nf3 a6 4. d4 Bg4 5. h3 Bh5 6. exd5 cxd5 7. g4 Bg6 8. Ne5 e6 9. h4 f6 10. Nxg6 hxg6 11. Qe2 Kf7 12. Bg2 Nc6 13. Be3 Bb4 14.
h5 gxh5 15. Rxh5 Nge7 16. g5 Qa5 17. Rd1 Bxc3+ 18. bxc3 Qxc3+ 19. Kf1 f5 20. Kg1 Rxh5 21. Qxh5+ Ng6 22. Qh2 Nce7 23. Qd6 Rh8 24. Rb1 b5 25.
Qxa6 f4 26. Rf1 Qxc2 27. Bc1 Qf5 28. Re1 f3 29. Bxf3 Qxf3 30. Qxe6+ Kf8 0-1

[Event "*** Titled Tuesday Blitz"]
[Site "Chess.com"]
[Date "2020.04.14"]
[Round "2"]
[White "SCIM"]
[Black "VladimirBelous"]
[Result "1-0"]
[WhiteElo "2580"]
[BlackElo "2802"]
[TimeControl "180+1"]
[EndTime "10:17:08 PDT"]
[Termination "SCIM won by resignation"]

1. d4 Nf6 2. c4 g6 3. Nc3 Bg7 4. e4 O-O 5. f3 d6 6. Bg5 c5 7. d5 Nbd7 8. Nh3 a6 9. Nf2 Rb8 10. a4 h6 11. Be3 Nh7 12. Qd2 h5 13.
Bh6 Bxh6 14. Qxh6 e5 15. dxe6 Ne5 16. exf7+ Rxf7 17. Be2 g5 18. Qxh5 Qf8 19. O-O Qg7 20. Nd5 Nf6 21. Nxf6+ Rxf6 22. Qe8+ Rf8 23. Qh5 Rf6 24.
Nh3 Rh6 25. Qxg5 Bxh3 26. Qxg7+ Kxg7 27. gxh3 Rxh3 28. f4 Nc6 29. Bg4 Rb3 30. Rf2 Nd4 31. Kh1 Rb4 32. Rg1 Kf6 33. e5+ dxe5 34. fxe5+ Kxe5 35. Re1+ Kd6 36. Rf6+ Kc7 37. Re7+ Kd8 38. Rd7+ Ke8 39. Rh6 1-0

[Event "*** Titled Tuesday Blitz"]
[Site "Chess.com"]
[Date "2020.04.14"]
[Round "2"]
[White "Perecke"]
[Black "KinKaiser"]
[Result "0-1"]
[WhiteElo "2200"]
[BlackElo "2475"]
[TimeControl "180+1"]
[EndTime "10:17:08 PDT"]
[Termination "KinKaiser won on time"]

1. e4 c5 2. Nf3 d6 3. d4 cxd4 4. Nxd4 Nf6 5. Nc3 a6 6. h3 e6 7.
g4 d5 8. Bg2 Bb4 9. Ne2 Nxe4 10.
Bxe4 dxe4 11. Qxd8+ Kxd8 12. O-O Bd7 13. Nxe4 Bc6 14.
N2g3 Nd7 15. c3 Be7 16. Be3 Kc7 17. Rfd1 h6 18. Bf4+ e5 19. Be3 g6 20. a4 h5 21.
gxh5 f5 22. Bg5 Rae8 23. Bxe7 Rxe7 24. Nd2 f4 25. Nge4 Rxh5 26. Kg2 Reh7 27. Rh1 Nf6 28. f3 Nxe4 29. Nxe4 Bxe4 30. fxe4 g5 31. Rad1 Rd7 32. Rxd7+ Kxd7 33. Kf3 Rh4 34. b4 g4+ 0-1

[Event "*** Titled Tuesday Blitz"]
[Site "Chess.com"]
[Date "2020.04.14"]
[Round "2"]
[White "algatar2020"]
[Black "Gulkov_Igor"]
[Result "0-1"]
[WhiteElo "1865"]
[BlackElo "2369"]
[TimeControl "180+1"]
[EndTime "10:17:08 PDT"]
[Termination "Gulkov_Igor won on time"]

1. d4 Nf6 2. Bf4 g6 3. Nc3 d5 4. e3 Bg7 5. h4 h5 6. Be2 c5 7. Nf3 Nc6 8. Nb5 O-O 9. Nc7 Rb8 10. Nb5 Ra8 11. Nc7 e5 12. dxe5 Qxc7 13. exf6 Qa5+ 14. c3 Bxf6 15. O-O d4 16. cxd4 cxd4 17. exd4 Rd8 18. Be3 Bg4 19. Qb3 Bxf3 20. Bxf3 Nxd4 21. Bxd4 Rxd4 22. Qxb7 Rad8 23. Rac1 Rxh4 24. Rc7 Rb4 25. Qxa7 Qxa7 26. Rxa7 Rxb2 27. a4 Rdd2 28. a5 Bd4 29. Ra8+ Kg7 30. a6 Bxf2+ 31. Kh1 Ra2 32. Bb7 h4 33. Rc8 f5 0-1

[Event "*** Titled Tuesday Blitz"]
[Site "Chess.com"]
[Date "2020.04.14"]
[Round "2"]
[White "vovachesss"]
[Black "GOGIEFF"]
[Result "0-1"]
[WhiteElo "2608"]
[BlackElo "2979"]
[TimeControl "180+1"]
[EndTime "10:17:09 PDT"]
[Termination "GOGIEFF won on time"]

1. e4 c5 2. d4 cxd4 3. c3 dxc3 4. Nxc3 Nc6 5. Nf3 e6 6. Bc4 Nf6 7. O-O d6 8. Qe2 Be7 9. Rd1 e5 10. h3 h6 11. Nd5 O-O 12. Be3 Be6 13. Rac1 Nxe4 14.
Bxh6 Nxf2 15. Bxg7 Nxh3+ 16. gxh3 Kxg7 17. Qg2+ Kh8 18.
Kh2 Rg8 19. Qe2 Bg5 20. Rc3 Bh6 21. Ne3 Bf4+ 22. Kh1 Rg3 23. Bxe6 fxe6 24. Ng4 Rxh3+ 25. Kg2 Rg3+ 26. Kf2 Rxg4 27. Rh1+ Kg7 28. Nd4 Rg6 29. Nxc6 Qb6+ 30. Kf1 Rf8 31. Rf3 Qxc6 32. Qf2 Qc1+ 0-1

[Event "*** Titled Tuesday Blitz"]
[Site "Chess.com"]
[Date "2020.04.14"]
[Round "2"]
[White "theblitzchamp"]
[Black "hakki1"]
[Result "1-0"]
[WhiteElo "2683"]
[BlackElo "2384"]
[TimeControl "180+1"]
[EndTime "10:17:10 PDT"]
[Termination "theblitzchamp won on time"]

1. e4 Nf6 2. Nc3 d6 3. d4 e5 4. f4 exd4 5. Qxd4 Be7 6. Nf3 O-O 7.
Be3 a6 8. O-O-O b5 9. Nd5 Nxd5 10. Qxd5 c6 11. Qh5 Be6 12. Bd3 Nd7 13. e5 g6 14.
Qh6 dxe5 15. Nxe5 Nxe5 16. fxe5 Qc7 17. Bf4 Rfd8 18. h4 Bf8 19. Qg5 Bxa2 20. h5 Bc4 21. hxg6 fxg6 22. Rh3 Bxd3 23. cxd3 Qf7 24. Rdh1 h6 25.
Rxh6 Bxh6 26. Rxh6 1-0

[Event "*** Titled Tuesday Blitz"]
[Site "Chess.com"]
[Date "2020.04.14"]
[Round "2"]
[White "LuisFSiles"]
[Black "DaggiGretarsson"]
[Result "0-1"]
[WhiteElo "2302"]
[BlackElo "2654"]
[TimeControl "180+1"]
[EndTime "10:17:11 PDT"]
[Termination "DaggiGretarsson won by resignation"]

1. e4 g6 2. Nc3 Bg7 3. f4 c5 4. Nf3 Nc6 5. Bc4 e6 6. d3 Nge7 7. O-O O-O 8. e5 d6 9. exd6 Nf5 10. Ne4 Nxd6 11. Kh1 Nxc4 12. dxc4 Qe7 13. c3 b6 14. Qe2 Bb7 15. Be3 Rad8 16. Bf2 Qc7 17. Bg3 Ne7 18. f5 Qc6 19. f6 Nf5 20. fxg7 Kxg7 21. Neg5 h6 22.
Ne5 Qxg2+ 23. Qxg2 Bxg2+ 24. Kxg2 Ne3+ 25. Kf3 Nxf1 26. Rxf1 hxg5 27. Ke2 f6 28. Nf3 e5 29.
a4 e4 30. Nd2 f5 31. Be5+ Kf7 32. Nxe4 Ke6 33. Bg3 fxe4 0-1

[Event "*** Titled Tuesday Blitz"]
[Site "Chess.com"]
[Date "2020.04.14"]
[Round "2"]
[White "PrinceMurad09"]
[Black "kircsaj"]
[Result "0-1"]
[WhiteElo "2542"]
[BlackElo "2315"]
[TimeControl "180+1"]
[EndTime "10:17:12 PDT"]
[Termination "kircsaj won by resignation"]

1. e4 c5 2. Nf3 Nc6 3. Bb5 g6 4.
Bxc6 dxc6 5. O-O Bg7 6. d3 Nf6 7. a4 a5 8. h3 O-O 9. Na3 Ne8 10.
Re1 e5 11. Be3 b6 12. c3 Rb8 13. Rb1 Ba6 14. Nc4 Bxc4 15. dxc4 Qe7 16. Qc2 Nc7 17. Nh2 Ne6 18. Ng4 Kh8 19. Nh2 f5 20. exf5 gxf5 21. Bd2 Qf6 22. Nf1 Qg6 23. Re2 e4 24. Re3 Rbe8 25. b4 axb4 26. Rg3 Qf7 27. cxb4 cxb4 28. Bxb4 Nd4 29. Qa2 Rg8 30. Bc3 f4 31.
Rg4 f3 32. Ng3 fxg2 33. Rxg7 Nf3+ 34. Kxg2 Rxg7 35. Bxg7+ Qxg7 36. Rxb6 Nh4+ 37. Kf1 e3 38. fxe3 Qxg3 39. Qb2+ Kg8 40. Qf2 Qxh3+ 41. Ke2 Qg4+ 42. Kd3 Qd1+ 43. Kc3 Qc1+ 44. Kd4 Ng6 45. Rxc6 Qa1+ 46. Kc5 Qa3+ 47. Kb5 Rb8+ 0-1

[Event "*** Titled Tuesday Blitz"]
[Site "Chess.com"]
[Date "2020.04.14"]
[Round "2"]
[White "Larax"]
[Black "dsanchez1973"]
[Result "1-0"]
[WhiteElo "2391"]
[BlackElo "2073"]
[TimeControl "180+1"]
[EndTime "10:17:12 PDT"]
[Termination "Larax won by checkmate"]

1. e4 e6 2. d4 d5 3. Nc3 Bb4 4. e5 c5 5. a3 Bxc3+ 6. bxc3 Ne7 7. Qg4 Qc7 8. Qxg7 Rg8 9. Qxh7 cxd4 10. Ne2 Nbc6 11. f4 Bd7 12. Qd3 dxc3 13. Qxc3 O-O-O 14. Rb1 Kb8 15. g3 d4 16. Qc5 Nf5 17. Bg2 Nh4 18.
Be4 f5 19. exf6 Nf5 20. Kf2 Rdf8 21. Bd2 Rxf6 22. c3 e5 23. cxd4 Nfxd4 24. Nxd4 exd4 25. Rhc1 Re8 26. Bf3 Ka8 27. Qxd4 Rh6 28. h4 Rd6 29.
Qc3 Qd8 30. Be3 Bf5 31. Rxb7 Be4 32. Bxe4 Rxe4 33. Rb5 Qe7 34. Rc5 Rde6 35. Rxc6 Rxe3 36. Rc8+ Kb7 37. Rb1+ Rb6 38. Rxb6+ axb6 39. Qc6+ Ka7 40. Ra8# 1-0

[Event "*** Titled Tuesday Blitz"]
[Site "Chess.com"]
[Date "2020.04.14"]
[Round "2"]
[White "queen_iryna"]
[Black "Riptide27"]
[Result "0-1"]
[WhiteElo "2199"]
[BlackElo "2465"]
[TimeControl "180+1"]
[EndTime "10:17:13 PDT"]
[Termination "Riptide27 won by resignation"]

1. d4 d5 2. Nc3 e6 3. e4 Bb4 4. e5 Ne7 5. a3 Bxc3+ 6. bxc3 b6 7. Bd3 Ba6 8. Nf3 Bxd3 9. Qxd3 Qd7 10. O-O Qa4 11. Bg5 Nbc6 12. Nd2 Ng6 13. Be3 Na5 14. Rfb1 O-O 15. Rb4 Qd7 16. a4 Ne7 17. Rb5 c6 18. Rbb1 Rfc8 19. c4 Nf5 20. cxd5 cxd5 21. Rb2 Rc7 22.
g4 Ne7 23. f4 Rac8 24. Rf1 Qxa4 25. f5 Rxc2 26. Rxc2 Qxc2 27. Qb5 Qc6 28. Qd3 Nc4 29. f6 Ng6 30. fxg7 Qa4 31. Bh6 Qa3 32. Qe2 Qc3 33. Qf2 Rc7 34. Nf3 Qb2 35. Qg3 a5 36. Rf2 Qc3 37. Qg2 a4 38. Qf1 a3 39. Kh1 Ne3 40.
Ra2 Nxf1 0-1

[Event "*** Titled Tuesday Blitz"]
[Site "Chess.com"]
[Date "2020.04.14"]
[Round "2"]
[White "Hadza_3"]
[Black "PauloCesarCosta_sad"]
[Result "1-0"]
[WhiteElo "2402"]
[BlackElo "2102"]
[TimeControl "180+1"]
[EndTime "10:17:13 PDT"]
[Termination "Hadza_3 won on time"]

1. e4 e6 2. Nf3 d5 3. e5 c5 4. g3 Nc6 5. Bg2 Qc7 6. Qe2 Nge7 7.
O-O Ng6 8. Re1 Be7 9. d3 O-O 10.
h4 Rd8 11. h5 Nf8 12. c4 b6 13. Nc3 dxc4 14. dxc4 Bb7 15. Bf4 Nd4 16. Nxd4 Rxd4 17. Nb5 Qd7 18. Bxb7 Qxb7 19. Nxd4 cxd4 20. Qe4 Qxe4 21. Rxe4 Bc5 22. a3 a5 23. Bd2 Nd7 24. Rb1 a4 25. Kg2 Kf8 26. b4 axb3 27. Rxb3 Ke7 28.
Bb4 g6 29. h6 Rd8 30. Re1 Rc8 31. f4 Rc6 32. Rd1 Rc7 33. Bxc5+ bxc5 34. Rdb1 f6 35.
exf6+ Nxf6 36. Rb7 Kd7 37. Rxc7+ Kxc7 38. Kf3 Ng8 39.
a4 Nxh6 40. a5 Nf7 41. a6 Nd6 42. a7 Nxc4 43. Ke2 Nd2 44. Kxd2 c4 45. a8=Q c3+ 46. Kd3 c2 47. Rc1 e5 48. fxe5 1-0

[Event "*** Titled Tuesday Blitz"]
[Site "Chess.com"]
[Date "2020.04.14"]
[Round "2"]
[White "Aygehovit1992"]
[Black "matiss90"]
[Result "1-0"]
[WhiteElo "2718"]
[BlackElo "2511"]
[TimeControl "180+1"]
[EndTime "10:17:14 PDT"]
[Termination "Aygehovit1992 won on time"]

1. e4 c5 2. Nf3 d6 3. d4 cxd4 4. Nxd4 Nf6 5. Nc3 g6 6. Be2 Bg7 7. Be3 O-O 8. g4 Nc6 9. Nxc6 bxc6 10. g5 Nd7 11. Qd2 Rb8 12. b3 Qa5 13. Bd4 Bxd4 14. Qxd4 Qxg5 15. h4 Qf6 16. Qe3 Ne5 17. O-O-O Ng4 18.
Bxg4 Bxg4 19. Rdg1 h5 20. Rg3 Kh7 21. f3 Be6 22.
Rg5 c5 23. Rhg1 Qd4 24. Qxd4 cxd4 25. Ne2 Rfc8 26. Nxd4 Bd7 27. f4 Rb4 28. Rd1 f6 29. Ra5 Bg4 30. Rd2 e5 31. Nb5 exf4 32. Nxd6 Rc7 33.
Ne8 Rf7 34. Nd6 Rc7 35. c4 f3 36. e5 Rb8 37. exf6 Rf8 38. f7 Rcxf7 39. Nxf7 Rxf7 40.
Rf2 Re7 41. Rd5 Kh6 42. c5 Rc7 43. b4 Re7 44. c6 Rc7 45. b5 Kg7 46. a4 Kf6 47.
Kd2 Ke6 48. Rg5 Kf7 49. Kc3 Kf6 50. Kd4 Ke6 51. Re5+ Kd6 52. Rd5+ Ke6 53. Kc5 Ke7 54. a5 Ke8 55. b6 axb6+ 56. axb6 1-0

[Event "*** Titled Tuesday Blitz"]
[Site "Chess.com"]
[Date "2020.04.14"]
[Round "2"]
[White "WelshTiger"]
[Black "Disturbed01"]
[Result "0-1"]
[WhiteElo "2284"]
[BlackElo "2656"]
[TimeControl "180+1"]
[EndTime "10:17:14 PDT"]
[Termination "Disturbed01 won by resignation"]

1. e4 c5 2. Nf3 Nc6 3. Bb5 d6 4. h3 Bd7 5. O-O Nf6 6. Re1 a6 7. Bxc6 Bxc6 8. e5 dxe5 9. Nxe5 Qd5 10. Nxc6 Qxc6 11. d3 e6 12. Nc3 Be7 13. Ne4 O-O 14. Qf3 Nxe4 15. Qxe4 Rac8 16. Bf4 Bf6 17. Be5 Bxe5 18.
Qxe5 Rfd8 19. b3 Rd5 20. Qe4 Qd7 21. a4 h6 22. a5 Rc6 23. Qf3 Rcd6 24. Re4 Rf5 25.
Qe2 Qc7 26. Rc4 Rdd5 27. b4 Qe7 28. bxc5 Rxc5 29. Rxc5 Rxc5 30. c4 Qc7 31. Qd2 Qd7 32. Ra3 Rxc4 33. Rb3 Rc7 34. Qb2 Qd5 35. Qa3 Rc2 36.
Rc3 Re2 37. Qb4 Re1+ 38. Kh2 Qe5+ 39. g3 Re2 40. Kg2 Qd5+ 41. Kf1 Ra2 42. Rc8+ Kh7 43. Qe4+ Qxe4 44. dxe4 Rxa5 45. Rc7 Rb5 46. Rxf7 a5 47. Kg2 a4 48. Rf8 a3 49. Ra8 Rb3 50. h4 Kg6 51.
Kh3 b5 52. Ra6 Kf7 53. Ra7+ Kf6 54. f4 b4 55. Kg4 Rb2 56. h5 e5 57. Ra6+ Ke7 58. fxe5 a2 59. Kf5 Rf2+ 60. Kg6 b3 0-1

[Event "*** Titled Tuesday Blitz"]
[Site "Chess.com"]
[Date "2020.04.14"]
[Round "2"]
[White "CroissantNeuf"]
[Black "farzadbfd"]
[Result "0-1"]
[WhiteElo "2398"]
[BlackElo "2744"]
[TimeControl "180+1"]
[EndTime "10:17:14 PDT"]
[Termination "farzadbfd won by resignation"]

1. Nf3 d5 2. g3 Nf6 3. Bg2 c6 4. O-O Bf5 5. c4 e6 6. Qb3 Qb6 7. d3 Nbd7 8. cxd5 exd5 9. Qc2 Bc5 10. Nc3 O-O 11. Na4 Qa5 12. Nxc5 Qxc5 13. Qxc5 Nxc5 14. b4 Na4 15. Nd4 Bg6 16. Bd2 a6 17. f4 h6 18.
f5 Bh7 19. Rac1 Rfd8 20. h3 Ne8 21. g4 Nd6 22. f6 Nb5 23. Nf3 Re8 24. Rf2 Re6 25. fxg7 Rae8 26. Bf1 Kxg7 27. Nh4 Bg6 28. Nf5+ Bxf5 29. gxf5 Rf6 30. Kh2 Re5 31. e4 dxe4 32.
dxe4 Rxe4 33. Bd3 Rd4 34. Rg1+ Kf8 35. Bc2 Nac3 36. a4 Rfd6 37. axb5 Rxd2 38. Rgg2 Rxf2 39. Rxf2 axb5 40. Bb3 Nd5 41. Re2 Nxb4 0-1

[Event "*** Titled Tuesday Blitz"]
[Site "Chess.com"]
[Date "2020.04.14"]
[Round "2"]
[White "smshk35"]
[Black "googlegoom"]
[Result "0-1"]
[WhiteElo "2281"]
[BlackElo "2511"]
[TimeControl "180+1"]
[EndTime "10:17:14 PDT"]
[Termination "googlegoom won by resignation"]

1. e4 c5 2. Nf3 Nc6 3. d4 cxd4 4. Nxd4 Qb6 5. Nb3 Nf6 6. Nc3 e6 7. Be3 Qc7 8. a3 d6 9. f4 a6 10. Qf3 b5 11. g4 h6 12. h4 h5 13. g5 Ng4 14. Bd2 Bb7 15. Bh3 b4 16. axb4 Nxb4 17. O-O-O Rc8 18. Bxg4 hxg4 19. Qxg4 Bxe4 20. Nd4 Qa5 21.
Nb3 Qb6 22. Nxe4 Nxc2 23. Bc3 Qxb3 24. Rxd6 Ne3 25. Qe2 Nd5 26. Rxd5 Qxd5 27. Rd1 Qc6 28. f5 Rxh4 29. fxe6 Rxe4 30. exf7+ Kxf7 31. g6+ Qxg6 32. Rd7+ Kg8 33. Qf3 Re7 34. Qd5+ Qe6 35. Rxe7 Qxd5 0-1

[Event "*** Titled Tuesday Blitz"]
[Site "Chess.com"]
[Date "2020.04.14"]
[Round "2"]
[White "MrTattaglia"]
[Black "pooh2012"]
[Result "1-0"]
[WhiteElo "2862"]
[BlackElo "2577"]
[TimeControl "180+1"]
[EndTime "10:17:15 PDT"]
[Termination "MrTattaglia won by resignation"]

1. Nf3 Nf6 2. c4 e6 3. g3 b6 4.
Bg2 Bb7 5. O-O Be7 6. d4 O-O 7. Nc3 Ne4 8. Bd2 d5 9. cxd5 exd5 10. Rc1 Nd7 11. Bf4 Bd6 12. Bxd6 Nxd6 13. Ne5 Nf6 14. Qa4 Qe8 15. Qb3 Qe6 16. e3 Rac8 17. Qa3 a6 18.
Rfd1 c5 19. dxc5 bxc5 20. Nd3 Nc4 21. Qb3 Qb6 22. Nxd5 Bxd5 23. Bxd5 Qxb3 24. axb3 Nxe3 25. Bxf7+ Rxf7 26. fxe3 Ng4 27. e4 Rfc7 28. h3 Nf6 29. e5 Ne4 30. Kg2 c4 31. bxc4 Rxc4 32. Rxc4 Rxc4 33. Nf4 Kf8 34. Kf3 Ng5+ 35. Kg4 Nf7 36. e6 Nh6+ 37. Kf3 Ke8 38. g4 Ng8 39. Rd6 Rb4 40.
Nd5 Rb3+ 41. Kf4 Nf6 42. Nxf6+ gxf6 43. Rxa6 Rxb2 44. Ra7 Rb6 45. Kf5 Rb3 46. Rxh7 Rf3+ 47. Kg6 Rf4 48. Rf7 Rf3 49. h4 Rg3 50. Kh5 Rf3 51.
g5 f5 52. g6 Rg3 53. Kh6 f4 54. g7 Rxg7 55. Kxg7 1-0

[Event "*** Titled Tuesday Blitz"]
[Site "Chess.com"]
[Date "2020.04.14"]
[Round "2"]
[White "Noam_Vitenberg"]
[Black "ViIIagra"]
[Result "0-1"]
[WhiteElo "2560"]
[BlackElo "2811"]
[TimeControl "180+1"]
[EndTime "10:17:15 PDT"]
[Termination "ViIIagra won on time"]

1. d4 g6 2. e4 d6 3. Nf3 a6 4. Be3 b5 5. c4 Bb7 6. Nbd2 c6 7. Bd3 Bg7 8. O-O Nf6 9. Rc1 O-O 10. Re1 Nbd7 11. a4 b4 12. Nb3 a5 13. c5 dxc5 14.
Nxc5 Nxc5 15. Rxc5 Nd7 16. Rc2 e5 17. dxe5 Nxe5 18.
Nxe5 Bxe5 19. Qe2 Qf6 20. Rf1 Rfd8 21. f4 Bd4 22. e5 Qe7 23. Be4 c5 24. Bxd4 Rxd4 25.
Bxb7 Qxb7 26. Rxc5 Rad8 27. Qb5 Qe4 28. Qc6 Qe3+ 29.
Kh1 Rxf4 30. Rcc1 Qxe5 31. Rxf4 Qxf4 32. h3 h5 33. Re1 Kg7 34. Qc5 Rd2 35. Qe5+ Qf6 36.
Qxf6+ Kxf6 0-1

[Event "*** Titled Tuesday Blitz"]
[Site "Chess.com"]
[Date "2020.04.14"]
[Round "2"]
[White "WinstonSilvakov"]
[Black "temiksmozg"]
[Result "0-1"]
[WhiteElo "2150"]
[BlackElo "2635"]
[TimeControl "180+1"]
[EndTime "10:17:15 PDT"]
[Termination "temiksmozg won on time"]

1. e4 e5 2. Nf3 Nc6 3. Bc4 Bc5 4.
c3 Nf6 5. b4 Bb6 6. d3 O-O 7.
O-O d5 8. exd5 Nxd5 9. Bxd5 Qxd5 10. c4 Qe6 11. c5 Nxb4 12. cxb6 axb6 13. Re1 Rxa2 14.
Rxa2 Qxa2 15. Ba3 c5 16. Nxe5 Nd5 17. Qd2 Qb3 18. Bb2 Re8 19. Nc3 Nb4 20. Ne4 f6 21.
Nd6 Rd8 22. Nxc8 Rxc8 23. Nc4 Qxd3 24. Qxd3 Nxd3 25. Re7 b5 26. Nd6 Ra8 27. Bc3 b4 28.
Re3 bxc3 29. Rxd3 Ra1+ 0-1

[Event "*** Titled Tuesday Blitz"]
[Site "Chess.com"]
[Date "2020.04.14"]
[Round "2"]
[White "freshfoodcompany"]
[Black "Caclox"]
[Result "0-1"]
[WhiteElo "2230"]
[BlackElo "2485"]
[TimeControl "180+1"]
[EndTime "10:17:15 PDT"]
[Termination "Caclox won by checkmate"]

1. d4 Nf6 2. c4 c5 3. d5 e6 4.
Nc3 exd5 5. cxd5 d6 6. Bf4 g6 7.
h3 a6 8. a4 Bg7 9. e3 O-O 10. Be2 Ne8 11. Nf3 Nd7 12. O-O Rb8 13. a5 Qe7 14. Re1 Nc7 15. Nd2 Ne5 16. Nc4 Bd7 17. Nxe5 Bxe5 18. Bxe5 Qxe5 19. Bc4 Bb5 20. f4 Qe7 21. Bxb5 Nxb5 22. Nxb5 axb5 23. e4 Qf6 24. Qd2 Rfe8 25. a6 b6 26. g3 b4 27.
Qe2 Qd8 28. Qb5 Ra8 29. Qc6 g5 30. e5 gxf4 31. gxf4 Qh4 32. Kg2 Kh8 33. exd6 Rg8+ 34. Kf1 Qxh3+ 35. Ke2 Rg2+ 36. Kd1 Qd3+ 37. Kc1 Qc2# 0-1

[Event "*** Titled Tuesday Blitz"]
[Site "Chess.com"]
[Date "2020.04.14"]
[Round "2"]
[White "2008king"]
[Black "Zajdanek"]
[Result "0-1"]
[WhiteElo "1974"]
[BlackElo "2378"]
[TimeControl "180+1"]
[EndTime "10:17:15 PDT"]
[Termination "Zajdanek won by resignation"]

1. e4 c5 2. Nf3 Nc6 3. d4 cxd4 4. Nxd4 e5 5. Nb5 d6 6. N1c3 a6 7. Na3 b5 8. Nd5 Nge7 9. c3 Nxd5 10. exd5 Ne7 11.
Nc2 g6 12. Bg5 Bg7 13. Nb4 f6 14. Be3 Bb7 15. a4 O-O 16. axb5 axb5 17. Bxb5 Rxa1 18. Qxa1 f5 19. Bc6 Bc8 20. Qa7 f4 21. Bb6 Nxc6 22. dxc6 Qg5 23. Rg1 f3 24. Be3 Qf5 25. Qa2+ Be6 26.
Nd5 Kh8 27. c4 Qd3 28. gxf3 e4 29. fxe4 Qxe4 30. c7 Rc8 31. Qa4 Bxd5 32. Qd7 Qb1+ 33. Ke2 Bxc4+ 34. Kf3 Qf5+ 35. Kg2 Qxd7 0-1

[Event "*** Titled Tuesday Blitz"]
[Site "Chess.com"]
[Date "2020.04.14"]
[Round "2"]
[White "LileKoridze"]
[Black "Storne89"]
[Result "0-1"]
[WhiteElo "2276"]
[BlackElo "2599"]
[TimeControl "180+1"]
[EndTime "10:17:16 PDT"]
[Termination "Storne89 won by checkmate"]

1. d4 Nf6 2. c4 c5 3. d5 b5 4. cxb5 a6 5. bxa6 g6 6. Nc3 Bg7 7. e4 O-O 8. Nf3 Qa5 9. Bd2 d6 10. Bd3 Bxa6 11. Qe2 Bxd3 12. Qxd3 Na6 13. O-O Nb4 14. Qb1 Qa6 15. a3 Nd3 16. Ne1 Ne5 17. Qc2 Rfb8 18. Rb1 c4 19. f4 Qb6+ 20. Kh1 Neg4 21.
Bc1 Ne3 22. Bxe3 Qxe3 23. Nf3 Qxf4 24. Nd4 Qh4 25. Nc6 Rb7 26. g3 Qh5 27. Qf2 Rf8 28. Qg2 Ng4 29. Rfe1 Bh6 30. Qe2 Qg5 31. Rf1 Ne3 32.
Rf3 Ng4 33. Rff1 Bg7 34. Rf3 Qh5 35. Rff1 Kh8 36. Qxc4 Qxh2# 0-1

[Event "*** Titled Tuesday Blitz"]
[Site "Chess.com"]
[Date "2020.04.14"]
[Round "2"]
[White "eljanov"]
[Black "Rish_97"]
[Result "0-1"]
[WhiteElo "2841"]
[BlackElo "2600"]
[TimeControl "180+1"]
[EndTime "10:17:17 PDT"]
[Termination "Rish_97 won by resignation"]

1. e4 c5 2. Nf3 Nc6 3. Bb5 g6 4. Bxc6 dxc6 5. d3 Bg7 6. Nc3 Nf6 7. h3 Nd7 8. Be3 e5 9. Qd2 h6 10. O-O b6 11. a3 Qe7 12. Nh2 Nf8 13. f4 exf4 14.
Bxf4 Ne6 15. Bg3 Nd4 16. Nf3 Be6 17. e5 Nxf3+ 18. Rxf3 Bd5 19. Nxd5 cxd5 20. e6 fxe6 21. Raf1 Rf8 22. Rxf8+ Bxf8 23. Qf4 Bg7 24. Qg4 Bd4+ 25. Kh1 Kd7 26. Qxg6 Rf8 27. Rf4 Be3 28. Rf3 Rxf3 29. gxf3 Bc1 30. Be5 Qh4 31. Qg3 Qxg3 32. Bxg3 Bxb2 33.
a4 h5 34. Kg2 Kc6 35. Bf2 b5 36. axb5+ Kxb5 37. Kg3 a5 38. Kh4 a4 39. Kxh5 a3 0-1

[Event "*** Titled Tuesday Blitz"]
[Site "Chess.com"]
[Date "2020.04.14"]
[Round "2"]
[White "Lestofante90"]
[Black "Ziachess74"]
[Result "1-0"]
[WhiteElo "2780"]
[BlackElo "2548"]
[TimeControl "180+1"]
[EndTime "10:17:17 PDT"]
[Termination "Lestofante90 won by checkmate"]

1. d4 d5 2. c4 c6 3. Nf3 e6 4. Qc2 Nf6 5. g3 Nbd7 6. Nbd2 Bd6 7. Bg2 O-O 8. O-O Re8 9. e4 dxe4 10. Nxe4 Nxe4 11. Qxe4 e5 12. Bg5 f6 13. Bd2 exd4 14. Qxd4 Ne5 15. Bc3 Nxf3+ 16. Bxf3 Qc7 17. Rfe1 Bf5 18. c5 Be5 19. Qc4+ Qf7 20. Qb4 Bxc3 21. Qxc3 Be6 22. a3 Bd5 23. Bxd5 Qxd5 24. Rad1 Rxe1+ 25. Rxe1 Rd8 26. h4 h6 27. Re7 Rd7 28. Re8+ Kf7 29.
Re1 Qd2 30. Qb3+ Qd5 31. Qe3 Kg8 32. Qe8+ Kh7 33. h5 Qd3 34. Qc8 Rd8 35. Qxb7 Rd7 36.
Qxc6 Qd2 37. Qe4+ Kg8 38. Qe8+ Kh7 39. Qg6+ Kg8 40. Re8# 1-0

[Event "*** Titled Tuesday Blitz"]
[Site "Chess.com"]
[Date "2020.04.14"]
[Round "2"]
[White "WeAintSurePal"]
[Black "MiroVlasenko"]
[Result "0-1"]
[WhiteElo "2332"]
[BlackElo "2665"]
[TimeControl "180+1"]
[EndTime "10:17:17 PDT"]
[Termination "MiroVlasenko won by resignation"]

1. d4 f5 2. h3 d5 3. Nc3 Nf6 4. Nf3 c5 5. Bf4 Nc6 6. e3 a6 7.
dxc5 e6 8. Ne5 Bxc5 9. Ne2 Qb6 10. Nxc6 bxc6 11. Be5 O-O 12. Nf4 Nd7 13. Bxg7 Kxg7 14.
Nxe6+ Kf7 15. Nxf8 Nxf8 16. Bd3 Qxb2 17. O-O Qe5 18.
Qh5+ Kg7 19. f4 Qxe3+ 20. Kh1 Qd4 21. Rae1 Qf6 22. Rf3 Ng6 23. Re8 Rb8 24. Rf1 Qf7 25. Rfe1 Bf2 26. Rf1 Qxe8 27. Rxf2 Rb1+ 28. Kh2 Qe3 29.
Re2 Qg1+ 30. Kg3 Re1 31. Qg5 Rxe2 32. Bxe2 Qe1+ 33. Kf3 Qc3+ 34. Kf2 Qd4+ 35. Kf1 Qxf4+ 36. Qxf4 Nxf4 0-1